Map: Rainfall LE

Players

Fjant

  • Race: Zerg Zerg
  • League: Grandmaster
  • Spawn Location: 11:00

SKillous - Winner!

  • Race: Protoss Protoss
  • League: Grandmaster
  • Spawn Location: 5:00

Event: HomeStory Cup XXIX

VOD

Have the link to the VOD?

Description

Time

  • Played on: July 4, 2026, 2:31 p.m.
  • Length: 10:10

All games in this series

Show
View Real Time Build Order
Export as new Build Order

Fjant Zerg 

Build Orders: Hatch First 

Get SALT Encoding   

  8  0:00  Drone  
  9  0:12  Drone  
  10  0:18  Drone  
  11  0:22  Drone  
  12  0:33  Overlord  
  12  0:40  Extractor, Drone  
  13  0:51  Drone  
  13  0:52  Drone  
  15  1:03  Drone  
  16  1:13  Drone  
  17  1:20  Hatchery  
  17  1:23  Drone  
  17  1:34  Extractor  
  17  1:38  Spawning Pool  
  15  1:42  Drone  
  16  1:47  Drone  
  16  1:54  Drone  
  18  2:05  Drone  
  19  2:14  Overlord  
  19  2:23  Drone  
  20  2:31  Queen  
  20  2:32  Queen, Zergling x2  
  25  2:39  Metabolic Boost  
  25  2:42  Drone  
  26  2:45  Zergling x2  
  27  2:53  Drone  
  27  2:54  Zergling x2  
  29  3:00  Zergling x2  
  29  3:01  Drone  
  31  3:07  Extractor, Queen  
  31  3:12  Overlord  
  32  3:27  Hatchery  
  32  3:29  Zergling x2  
  32  3:30  Zergling x2  
  33  3:34  Drone  
  33  3:41  Drone  
  33  3:42  Drone x3  
  33  3:46  Overlord  
  37  3:53  Overlord  
  37  3:55  Drone  
  37  3:56  Drone  
  37  4:01  Overlord  
  39  4:09  Drone x3  
  39  4:12  Drone  
  39  4:17  Spore Crawler  
  39  4:21  Drone x2  
  40  4:25  Drone x2  
  42  4:32  Overlord  
  42  4:34  Zergling x6  
  42  4:38  Drone  
  45  4:41  Drone x2  
  45  4:45  Drone x2  
  49  4:48  Drone  
  49  4:50  Drone  
  49  4:51  Drone  
  52  4:55  Drone x2  
  52  5:01  Spore Crawler  
  52  5:03  Drone, Spore Crawler  
  51  5:08  Queen  
  51  5:14  Zergling x4  
  55  5:16  Drone x3  
  58  5:24  Drone x5  
  62  5:28  Roach Warren  
  62  5:32  Lair  
  61  5:36  Drone x3  
  61  5:41  Extractor x2  
  63  5:42  Drone  
  63  5:43  Drone x2  
  63  5:46  Queen  
  67  5:56  Overlord x3  
  61  6:08  Roach x3  
  66  6:12  Overlord  
  66  6:16  Roach x3  
  71  6:18  Zergling x2  
  71  6:19  Zergling x12  
  71  6:23  Zergling x6  
  81  6:27  Zergling x2  
  81  6:28  Ravager  
  81  6:30  Ravager  
  81  6:32  Zergling x4  
  86  6:36  Zergling x2  
  87  6:41  Glial Reconstitution  
  87  6:42  Zergling x4  
  87  6:43  Overlord  
  89  6:48  Zergling x10  
  96  6:54  Roach x3  
  96  6:57  Overlord  
  96  6:59  Overlord  
  96  7:00  Overlord  
  99  7:04  Pneumatized Carapace  
  99  7:08  Roach  
  101  7:12  Roach  
  101  7:13  Zergling x8  
  107  7:16  Zergling x6  
  107  7:21  Zergling x8  
  114  7:28  Roach x2  
  118  7:32  Zergling x4  
  118  7:37  Zergling x2  
  121  7:41  Roach x5  
  131  7:46  Zergling x2  
  132  7:55  Overlord x2  
  132  7:58  Overlord  
  131  8:04  Overlord  
  130  8:07  Zergling x2  
  130  8:17  Ravager x5  
  130  8:18  Zergling x12  
  137  8:21  Zergling x12  
  137  8:23  Zergling x2  
  144  8:27  Queen  
  144  8:28  Ravager  
  144  8:30  Zergling x2  
  146  8:35  Zergling x4  
  130  8:48  Zergling x2  
  130  8:49  Zergling x14  
  130  8:54  Zergling x4  
  121  8:59  Roach  
  121  9:01  Queen  
  121  9:02  Queen  
  121  9:04  Zergling x2  
  121  9:05  Zergling x2  
  121  9:08  Zergling x8  
  115  9:12  Roach  
  115  9:15  Queen  
  115  9:16  Overseer  
  102  9:17  Roach  
  102  9:18  Roach  
  102  9:22  Roach  
  97  9:26  Roach  
  97  9:28  Roach  
  90  9:32  Roach  
  90  9:36  Roach  
  90  9:37  Roach x3  
  91  9:39  Roach  
  91  9:43  Roach  
  90  9:46  Roach  
  90  9:47  Roach x2  
  90  9:51  Roach x2  
Show
View Real Time Build Order
Export as new Build Order

SKillous Protoss - Winner!

Build Orders: 1 Gate Expand, Oracle Opening 

Get SALT Encoding   

  8  0:00  Probe (Chrono Boost)  
  9  0:12  Probe (Chrono Boost)  
  10  0:17  Probe (Chrono Boost)  
  11  0:26  Probe  
  12  0:32  Pylon  
  12  0:38  Probe  
  13  0:50  Probe  
  14  0:59  Gateway  
  14  1:03  Probe (Chrono Boost)  
  15  1:12  Probe (Chrono Boost)  
  15  1:17  Probe (Chrono Boost)  
  17  1:29  Probe  
  18  1:43  Nexus  
  18  1:47  Assimilator  
  18  1:57  Cybernetics Core  
  18  2:00  Probe  
  19  2:06  Assimilator  
  19  2:12  Probe  
  20  2:17  Pylon  
  20  2:24  Probe  
  21  2:31  Adept (Chrono Boost)  
  21  2:36  Probe  
  24  2:48  Probe  
  25  2:55  Stargate, Adept (Chrono Boost)  
  25  2:56  Probe  
  26  3:00  Probe (Chrono Boost)  
  29  3:08  Probe (Chrono Boost)  
  30  3:18  Probe (Chrono Boost)  
  30  3:19  Probe (Chrono Boost)  
  32  3:21  Adept  
  35  3:27  Probe x2  
  35  3:30  Warp Gate  
  36  3:38  Pylon  
  36  3:40  Probe x2  
  38  3:43  Oracle (Chrono Boost)  
  41  3:52  Probe  
  42  3:56  Probe, Gateway  
  42  3:59  Stalker  
  45  4:04  Probe  
  45  4:08  Probe  
  47  4:12  Pylon  
  47  4:15  Oracle (Chrono Boost)  
  47  4:16  Probe  
  44  4:20  Probe  
  48  4:28  Probe, Pylon  
  49  4:32  Probe  
  50  4:39  Nexus  
  50  4:41  Probe  
  50  4:43  Assimilator  
  50  4:45  Assimilator  
  51  4:49  Probe  
  52  4:56  Sentry  
  52  4:57  Sentry  
  52  4:59  Probe  
  57  5:02  Shield Battery  
  57  5:04  Probe  
  58  5:07  Gateway  
  58  5:09  Gateway  
  58  5:11  Probe  
  59  5:16  Probe, Pylon  
  59  5:21  Sentry x2  
  64  5:28  Probe  
  64  5:29  Probe  
  64  5:31  Forge  
  66  5:37  Sentry  
  66  5:39  Sentry, Pylon  
  72  5:42  Probe (Chrono Boost)  
  72  5:44  Probe (Chrono Boost)  
  72  5:46  Pylon  
  72  5:53  Probe (Chrono Boost)  
  72  5:56  Probe (Chrono Boost)  
  74  5:58  Probe (Chrono Boost)  
  74  5:59  Probe (Chrono Boost)  
  76  6:05  Protoss Ground Weapons Level 1  
  76  6:07  Stalker x3  
  76  6:09  Probe (Chrono Boost)  
  76  6:10  Stalker  
  76  6:11  Probe (Chrono Boost)  
  87  6:13  Probe (Chrono Boost)  
  87  6:15  Pylon  
  87  6:17  Probe (Chrono Boost)  
  89  6:20  Twilight Council  
  89  6:23  Probe (Chrono Boost)  
  89  6:24  Probe (Chrono Boost)  
  90  6:27  Pylon, Probe (Chrono Boost)  
  90  6:32  Probe (Chrono Boost)  
  92  6:37  Pylon, Assimilator, Stalker  
  92  6:38  Assimilator  
  92  6:39  Probe x2 (Chrono Boost)  
  96  6:40  Stalker  
  96  6:44  Stalker  
  96  6:45  Probe (Chrono Boost)  
  101  6:47  Stalker  
  101  6:53  Blink (Chrono Boost)  
  103  6:55  Shield Battery  
  103  6:57  Photon Cannon  
  103  6:59  Shield Battery  
  103  7:02  Stalker  
  103  7:03  Photon Cannon  
  103  7:05  Stalker  
  103  7:07  Stalker  
  109  7:11  Pylon  
  109  7:12  Stalker  
  111  7:18  Stalker  
  111  7:21  Stalker  
  115  7:23  Stalker  
  115  7:25  Pylon  
  115  7:26  Pylon  
  115  7:29  Stalker  
  119  7:35  Stalker  
  121  7:38  Stalker  
  121  7:39  Pylon x2  
  121  7:40  Stalker  
  125  7:46  Stalker  
  125  7:48  Probe  
  125  7:50  Assimilator  
  125  7:51  Assimilator  
  128  7:53  Gateway  
  128  7:54  Gateway  
  128  7:55  Stalker  
  130  8:03  Stalker  
  130  8:04  Stalker  
  130  8:05  Stalker  
  136  8:11  Stalker  
  136  8:13  Protoss Ground Armor Level 1 (Chrono Boost)  
  136  8:25  Stalker  
  138  8:27  Stalker  
  138  8:29  Pylon  
  138  8:30  Stalker, Pylon  
  138  8:33  Stalker  
  144  8:34  Pylon  
  144  8:41  Stalker  
  144  8:43  Stalker  
  144  8:45  Stalker x2  
  138  8:56  Stalker  
  138  9:00  Stalker  
  138  9:02  Stalker  
  140  9:06  Stalker  
  133  9:10  Stalker x2  
  133  9:12  Stalker  
  133  9:16  Stalker  
  133  9:17  Probe  
  133  9:18  Stalker  
  133  9:22  Stalker  
  133  9:23  Probe  
  121  9:26  Stalker  
  121  9:27  Stalker  
  121  9:28  Stalker  
  125  9:32  Stalker  
  125  9:34  Stalker  
  129  9:39  Stalker  
  129  9:43  Stalker  
  133  9:46  Stalker  
  133  9:47  Stalker  
  133  9:49  Stalker  
  133  9:51  Stalker  
  145  10:00  Pylon x2  
  145  10:01  Pylon  
  145  10:04  Pylon  
Tags
 
Add a new tag
Caveats
  • Supply blocks, unpowered buildings, or Contaminate may cause inaccurate times.
  • Supply counts are checked every 10 seconds.